 Dungeon Crawl Stone Soup version 0.30-a0-578-gdee14c521f (webtiles) character file.

Game seed: 3304138502693112595

42 cforsyth the Ruffian (level 3, -2/33 HPs)
             Began as a Ghoul Monk on Dec 31, 2022.
             Killed from afar by Ijyb (7 damage)
             ... with a puff of flame
             ... on level 2 of the Dungeon.
             The game lasted 00:01:20 (1179 turns).

cforsyth the Ruffian (Ghoul Monk)                   Turns: 1179, Time: 00:01:20

Health: -2/33      AC:  2    Str: 16    XL:     3   Next: 56%
Magic:  2/2        EV: 12    Int:  5    God:
Gold:   148        SH:  0    Dex: 11    Spells: 2/2 levels left

rFire   . . .      SeeInvis .      - Unarmed
rCold   + . .      Faith    .    (no shield)
rNeg    + + +      Spirit   .    a - +0 robe
rPois   ∞          Reflect  .    (no helmet)
rElec   .          Harm     .    (no cloak)
rCorr   .          Rampage  .    (no gloves)
Will    .....                    (no boots)
Stlth   +                        (no amulet)
HPRegen 0.00/turn                (no ring)
MPRegen 0.08/turn                (no ring)

@: confused, ambrosia-drunk, inhibited regen
A: claws 1, cold resistance 1, negative energy resistance 3, inhibited
regeneration, torment resistance 2, devour on kill
a: no special abilities


You were on level 2 of the Dungeon.
You visited 1 branch of the dungeon, and saw 3 of its levels.

You collected 148 gold pieces.

Inventory:

Armour
 a - a +0 robe (worn)
Scrolls
 c - a scroll of fog {unknown}
 d - a scroll of poison {unknown}
 f - a scroll of magic mapping {unknown}
 h - a scroll of torment {unknown}
 i - a scroll of brand weapon {unknown}
 k - a scroll of identify {unknown}
Potions
 e - a potion of mutation {unknown}
 g - a potion of heal wounds {unknown}
 j - a potion of curing {unknown}


   Skills:
 + Level 4.2 Fighting
 - Level 2.6 Dodging
 - Level 2.1 Stealth
 + Level 4.2 Unarmed Combat


You had 2 spell levels left.
You didn't know any spells.
Your spell library was empty.

Dungeon Overview and Level Annotations

Branches:
Dungeon (3/15)

Altars:
Dithmenos
Ru

Annotations:
D:2 Ijyb


Innate Abilities, Weirdness & Mutations

You are immune to poison.
You have sharp fingernails.
Your flesh is cold resistant. (rC+)
You are immune to negative energy. (rN+++)
You do not regenerate when monsters are visible.
You are immune to unholy pain and torment.
You thrive by killing the living.


Message History

You are too injured to fight recklessly!
Ijyb attacks as you move away! Ijyb closely misses you.
There is a stone staircase leading up here.
Ijyb hits you with a +0 club.
* * * LOW HITPOINT WARNING * * *
You climb upwards.
There is a stone staircase leading down here.
You are too injured to fight recklessly!
You are too injured to fight recklessly!
You are too injured to fight recklessly!
You are too injured to fight recklessly!
You are too injured to fight recklessly!
You are too injured to fight recklessly!
You are too injured to fight recklessly!
You scratch Ijyb but do no damage.
Ijyb is lightly wounded.
Ijyb misses you.
You scratch Ijyb but do no damage.
Ijyb is lightly wounded.
Ijyb misses you.
You scratch Ijyb.
Ijyb is lightly wounded.
Ijyb closely misses you.
You closely miss Ijyb. You claw Ijyb, but do no damage.
Ijyb is lightly wounded.
Ijyb zaps a wand.
The puff of flame hits you.
* * * LOW HITPOINT WARNING * * *
You scratch Ijyb.
Ijyb is moderately wounded.
Ijyb hits you but does no damage.
You are confused.
You feel invigorated. Ijyb hits you with a +0 club.
* * * LOW HITPOINT WARNING * * *
Unknown command.
You're too confused to move!
Ijyb zaps a wand.
The puff of flame hits you.
* * * LOW HITPOINT WARNING * * *
Unknown command.
Unknown command.
You bump into the rock wall.
Ijyb zaps a wand.
The puff of flame hits you!
You die...

........#######.....#
##.##........##.#...##
##.##........##.##.).#
#..####.........###.>###########
..## #..(...#### ##.#~~~~~~~≈~##
.## ##....########.............
.# ##..#......##..#~~~~~~~~~#.
## ##..###...g.##..###########.
#..####....@##..........###.
#.###....#####.......<...... #.#
#.#### #..........####
######.###.# #..........#
.......†...# #....[.....#
......###### ############
......# ......# #######


You could see Ijyb.

Vanquished Creatures
  4 dart slugs
  8 ball pythons
  A bat (D:2)
  2 endoplasms
  2 giant cockroaches (D:2)
  A goblin (D:2)
  A hobgoblin (D:2)
  2 quokkas
  2 frilled lizards
  4 kobolds (D:1)
  6 rats
33 creatures vanquished.

Notes
Turn   | Place    | Note
-------+----------+-------------------------------------------
     0 | D:1      | cforsyth the Ghoul Monk began the quest for the Orb.
     0 | D:1      | Reached XP level 1. HP: 19/19 MP: 0/0
   110 | D:1      | Reached XP level 2. HP: 26/26 MP: 1/1
   560 | D:1      | Found a sacrificial altar of Ru.
   627 | D:2      | Reached XP level 3. HP: 33/33 MP: 2/2
  1145 | D:3      | Found a shadowy altar of Dithmenos.
  1159 | D:3      | Noticed Ijyb
  1178 | D:2      | HP: 1/33 [Ijyb/puff of flame (6)]
  1179 | D:2      | Killed from afar by Ijyb

Illustrated notes

Levels and vault maps discovered:
D:1:      dpeg_arrival_lava_altar, layout_rooms, chequers_decorated_corner,
          minmay_tetromino_l4
D:2:      layout_rooms, serial_park_tiny_1, amcnicky_mini_rare_corridor_liquid
D:3:      minmay_bubble_buster, layout_basic, lemuel_crystal_altar,
          guppyfry_early_orc_mine, uniq_sigmund, uniq_ijyb

Skill      XL: |  1  2  3 |
---------------+----------+-----
Fighting       | 4 |  4.2
Unarmed Combat | 4 |  4.2
Dodging        | |  2.6
Stealth        | |  2.1

Action                   || total
-------------------------++-------
Melee: Unarmed           ||    90
       Punch             ||     3
  Use: Potion            ||     1
 Stab: Sleeping          ||     5
Armor: Robe              ||    19
Dodge: Dodged            ||    57

Table legend: (Time is in decaauts)
 A = Elapsed time spent in this place.
 B = Non-inter-level travel time spent in this place.
 C = Inter-level travel time spent in this place.
 D = Time resting spent in this place.
 E = Time spent auto-exploring this place.
 F = Levels seen in this place.
 G = Mean time per level.
                   A        B        C        D        E       F      G
               +--------+--------+--------+--------+--------+-----+--------+
         Total |   1172 |   1130 |     42 |      0 |    919 |   3 |  390.7 |
       Dungeon |   1172 |   1130 |     42 |      0 |    919 |   3 |  390.7 |
               +--------+--------+--------+--------+--------+-----+--------+

Top non-repeatable levels by time:
     D:1: 585 daAuts
     D:2: 544 daAuts
     D:3: 42 daAuts
